 Dungeon Crawl Stone Soup version 0.31-a0-214-gb37851dbb3 (webtiles) character file.

Game seed: 10245956736942360110

135 qw the Shooter (level 5, -2/30 HPs)
             Began as a Gargoyle Hexslinger on July 1, 2023.
             Slain by a cerulean imp
             ... wielding a +1 spear
             ... summoned by Natasha
              (5 damage)
             ... on level 3 of the Dungeon.
             The game lasted 00:00:59 (2224 turns).

qw the Shooter (Gargoyle Hexslinger)                Turns: 2224, Time: 00:01:00

Health: -2/30      AC:  9    Str: 11    XL:     5   Next: 18%
Magic:  6/6        EV: 10    Int: 14    God:
Gold:   181        SH:  0    Dex: 14    Spells: 5/6 levels left

rFire   . . .        Y - +1 sling
rCold   . . .        (no shield)
rNeg    + . .        f - +0 ring mail
rPois   inf          (no helmet)
rElec   +            (no cloak)
rCorr   .            (no gloves)
SInv    .            (no boots)
Will    .....        (no amulet)
Stlth   +            (no ring)
HPRegen 0.25/turn    (no ring)
MPRegen 0.10/turn

%: no passive effects
@: no status effects
A: sickness immunity, AC +4, negative energy resistance 1, electricity
resistance, torment resistance 1, petrification resistance
a: no special abilities


You were on level 3 of the Dungeon.
You visited 1 branch of the dungeon, and saw 3 of its levels.

You collected 181 gold pieces.


Innate Abilities, Weirdness & Mutations

You are immune to sickness and miasma.
Your stone body is resilient. (AC +4)
You are immune to poison.
You resist negative energy. (rN+)
You are resistant to electric shocks. (rElec)
You are resistant to unholy torment.
You are immune to petrification.


   Skills:
 - Level 2.0 Fighting
 + Level 4.5 Ranged Weapons
 - Level 1.7 Armour
 - Level 1.5 Dodging
 - Level 1.0 Spellcasting
 - Level 2.6 Hexes


You had 5 spell levels left.
You knew the following spells:

 Your Spells              Type           Power      Damage    Failure   Level
a - Slow                  Hex            32%        N/A       21%         1

Your spell library contained the following spells:

 Spells                   Type           Power      Damage    Failure   Level
 Inner Flame              Hex/Fire       4%         N/A       71%         3
 Portal Projectile        Hex/Tloc       8%         N/A       71%         3
 Cause Fear               Hex            4%         N/A       90%         4

Inventory:

Hand Weapons
 Y - a +1 sling (weapon)
Armour
 f - a +0 ring mail (worn)
Potions
 b - a potion of attraction {unknown}
 d - a potion of haste {unknown}
 g - a potion of enlightenment {unknown}
 h - a potion of curing {unknown}
 k - a potion of brilliance {unknown}

Dungeon Overview and Level Annotations

Branches:
Dungeon (3/15)

Altars:
Sif Muna

Annotations:
D:3 Natasha


Message History

Natasha casts a spell.
The cerulean imp hits you with a +1 spear.
The cerulean imp completely misses you.
You shoot a sling bullet. The sling bullet barely misses Natasha.
Natasha claws you.
The cerulean imp hits you but does no damage.
The cerulean imp closely misses you. x2; Natasha claws you.
You shoot a sling bullet. The sling bullet hits Natasha.
Natasha is severely wounded.
The cerulean imp barely misses you.
The cerulean imp hits you from afar with a +0 spear.
The cerulean imp closely misses you. Natasha claws you.
The cerulean imp hits you but does no damage.
You shoot a sling bullet. The sling bullet hits Natasha.
Natasha is almost dead.
The cerulean imp hits you but does no damage. x2
Natasha closely misses you.
The cerulean imp hits you with a +1 spear.
The cerulean imp hits you from afar with a +0 spear.
You shoot a sling bullet. The sling bullet barely misses Natasha.
The cerulean imp hits you but does no damage.
Natasha barely misses you.
The cerulean imp hits you with a +1 spear.
The cerulean imp barely misses you.
The cerulean imp hits you with a +1 spear.
You shoot a sling bullet. The sling bullet hits Natasha.
Natasha is almost dead.
Natasha claws you. The cerulean imp closely misses you.
The cerulean imp barely misses you.
The cerulean imp hits you but does no damage.
Natasha stares at you and mumbles some strange words.
You resist with some effort.
You shoot a sling bullet. The sling bullet hits Natasha.
Natasha is almost dead.
The cerulean imp hits you but does no damage. x3
Natasha claws you. The cerulean imp closely misses you.
You shoot a sling bullet. The sling bullet barely misses Natasha.
The cerulean imp hits you but does no damage.
The cerulean imp hits you with a +1 spear.
You die...

.#####.####.#####.###...+
.......................~#
#.#.##.####.#####.##..<~#
.#..##.# #.#####.##...~#
#.####.# #...........ยค~#
.#.# #.# ##..>...##..#~~#
#.## #.#####.###...#..##.##
.#.###.......# #(h........##
#.#.....##...###@5..........
.#.............5.###.###).##
#.#..##.##.##..##5...# ..#
.#...#...#.##..##.##.# .#
#.#....#...##..##.##.# #
.#...#...####.<##.##.#
.##..##.#####..##.##.#
.##..##..o.....##.##.#
..o...o...........##.#


You could see Natasha and 3 cerulean imps.

Vanquished Creatures
  An orc priest (D:2)
  Natasha (D:3)
  2 adders (D:2)
  3 worms (D:2)
  2 dart slugs
  3 orcs
  3 ball pythons
  4 bats
  5 endoplasms
  A giant cockroach (D:2)
  7 hobgoblins
  3 frilled lizards
  5 goblins
  2 kobolds
  5 rats
47 creatures vanquished.

Notes
Turn   | Place    | Note
-------+----------+-------------------------------------------
     0 | D:1      | qw the Gargoyle Hexslinger began the quest for the Orb.
     0 | D:1      | Reached XP level 1. HP: 12/12 MP: 2/2
     0 | D:1      | 0 ||| qw: Version: 0.3-a-32-g5962c71
     0 | D:1      | 0 ||| qw: Game counter: 7476
     0 | D:1      | 0 ||| qw: Melee chars always use a shield: true
     0 | D:1      | 0 ||| qw: God list: Okawaru
     0 | D:1      | 0 ||| qw: Allow faded altars: false
     0 | D:1      | 0 ||| qw: Do Orc after clearing Dungeon:15 true
     0 | D:1      | 0 ||| qw: Do second Lair branch before Depths: true
     0 | D:1      | 0 ||| qw: Lair rune preference: random
     0 | D:1      | 0 ||| qw: Goals: Normal
     0 | D:1      | 0 ||| PLANNING D:1-11
   275 | D:1      | Reached XP level 2. HP: 16/16 MP: 3/3
   389 | D:1      | Found a faded altar of an unknown god.
   438 | D:1      | 438 ||| UPGRADING to +0 ring mail.
   448 | D:1      | 448 ||| DROPPING +0 robe.
   449 | D:1      | 449 ||| READING scroll labelled VOV RONIYGIL.
   550 | D:1      | 550 ||| READING scroll labelled ETUEHE HUAXONT.
   551 | D:1      | 551 ||| DRINKING 2 emerald potions.
   552 | D:1      | 552 ||| DROPPING scroll of poison.
   597 | D:2      | Reached skill level 3 in Ranged Weapons
   612 | D:2      | Reached XP level 3. HP: 19/20 MP: 4/4
   648 | D:2      | Found a shimmering blue altar of Sif Muna.
  1391 | D:2      | Reached XP level 4. HP: 19/26 MP: 5/5
  1493 | D:2      | 1493 ||| DROPPING ring of wizardry.
  1494 | D:2      | 1494 ||| READING scroll labelled RIVUQE WAINASCH.
  1495 | D:2      | 1495 ||| READING scroll labelled FUICIB MA LUTA.
  1496 | D:2      | 1496 ||| DRINKING 2 metallic pink potions.
  1531 | D:2      | 1531 ||| DROPPING potion of lignification.
  1647 | D:3      | Reached skill level 4 in Ranged Weapons
  1704 | D:3      | Noticed Natasha
  1713 | D:3      | HP: 6/26 [cerulean imp/+2 spear[Natasha] (2)]
  1714 | D:3      | 1714 ||| DRINKING potion of heal wounds.
  1715 | D:3      | Killed Natasha
  1716 | D:3      | Reached skill level 1 in Armour
  2013 | D:3      | 2013 ||| FLEEEEING.
  2014 | D:3      | 2014 ||| FLEEEEING.
  2016 | D:3      | 2016 ||| FLEEEEING.
  2017 | D:3      | 2017 ||| FLEEEEING.
  2018 | D:3      | 2018 ||| FLEEEEING.
  2018 | D:3      | HP: 2/26 [orc priest/divine providence (15)]
  2019 | D:3      | 2019 ||| FLEEEEING.
  2020 | D:3      | 2020 ||| FLEEEEING.
  2021 | D:3      | 2021 ||| FLEEEEING.
  2022 | D:3      | 2022 ||| FLEEEEING.
  2023 | D:3      | 2023 ||| FLEEEEING.
  2025 | D:3      | 2025 ||| FLEEEEING.
  2027 | D:3      | 2027 ||| FLEEEEING.
  2028 | D:3      | 2028 ||| FLEEEEING.
  2029 | D:3      | 2029 ||| FLEEEEING.
  2030 | D:3      | 2030 ||| FLEEEEING.
  2033 | D:3      | 2033 ||| FLEEEEING.
  2034 | D:3      | 2034 ||| FLEEEEING.
  2035 | D:3      | 2035 ||| FLEEEEING.
  2036 | D:3      | 2036 ||| FLEEEEING.
  2037 | D:3      | 2037 ||| FLEEEEING.
  2038 | D:3      | 2038 ||| FLEEEEING.
  2039 | D:3      | 2039 ||| FLEEEEING.
  2040 | D:3      | 2040 ||| FLEEEEING.
  2041 | D:3      | 2041 ||| FLEEEEING.
  2042 | D:3      | 2042 ||| FLEEEEING.
  2043 | D:3      | 2043 ||| FLEEEEING.
  2044 | D:3      | 2044 ||| FLEEEEING.
  2045 | D:3      | 2045 ||| FLEEEEING.
  2046 | D:3      | 2046 ||| FLEEEEING.
  2047 | D:3      | 2047 ||| FLEEEEING.
  2048 | D:3      | 2048 ||| FLEEEEING.
  2053 | D:3      | 2053 ||| FLEEEEING.
  2054 | D:3      | 2054 ||| FLEEEEING.
  2055 | D:3      | 2055 ||| FLEEEEING.
  2056 | D:3      | 2056 ||| FLEEEEING.
  2059 | D:3      | 2059 ||| FLEEEEING.
  2060 | D:3      | 2060 ||| FLEEEEING.
  2061 | D:3      | 2061 ||| FLEEEEING.
  2062 | D:3      | 2062 ||| FLEEEEING.
  2063 | D:3      | 2063 ||| FLEEEEING.
  2064 | D:3      | 2064 ||| FLEEEEING.
  2065 | D:3      | 2065 ||| FLEEEEING.
  2066 | D:3      | 2066 ||| FLEEEEING.
  2067 | D:3      | 2067 ||| FLEEEEING.
  2068 | D:3      | 2068 ||| FLEEEEING.
  2069 | D:3      | 2069 ||| STAIRDANCE
  2118 | D:2      | 2118 ||| READING scroll labelled VAEW QI SAN.
  2124 | D:3      | 2124 ||| STAIRDANCE
  2135 | D:2      | Reached XP level 5. HP: 14/30 MP: 6/6
  2211 | D:3      | Noticed Natasha
  2221 | D:3      | HP: 6/30 [cerulean imp/+1 spear[Natasha] (4)]
  2223 | D:3      | HP: 2/30 [Natasha (1)]
  2224 | D:3      | Slain by a cerulean imp

Levels and vault maps discovered:
D:1:      grunt_arrival_lava_bath, layout_basic, basic_ecumenical_altar,
          chequers_garden
D:2:      layout_basic, basic_altar
D:3:      layout_loops_ring, lightli_temple_of_fire,
          mainiacjoe_overflow_chevrons, minivault_23, solitary_fountain,
          st_stairs_12, chequers_serial_rivers_micro_d, uniq_natasha

Skill      XL: |  1  2  3  4 |
---------------+-------------+-----
Ranged Weapons | 3 4 |  4.5
Fighting       | 2 |  2.0
Armour         | 1 |  1.7
Dodging        | |  1.5
Spellcasting   | |  1.0
Hexes          | |  2.6

Action                     |  1- 3 |  4- 6 || total
---------------------------+-------+-------++-------
   Fire: Sling             |   123 |    78 ||   201
    Use: Scroll            |     2 |     3 ||     5
         Potion            |     1 |     2 ||     3
 Armour: Robe              |     2 |       ||     2
         Ring mail         |    33 |    36 ||    69
  Dodge: Dodged            |    41 |    35 ||    76

Table legend:
 A = Non-vault XP
 B = Vault XP
 C = Vault XP percentage of total XP
 D = Non-vault monster count
 E = Vault monster count
 F = Vault count percentage of total count
                 A         B        C        D         E       F
            +---------+---------+-------+---------+---------+-------
      Total |     157 |      37 |  19.1 |      46 |       1 |   2.1
            +---------+---------+-------+---------+---------+-------
        D:1 |      14 |       0 |   0.0 |       9 |       0 |   0.0
        D:2 |     115 |       0 |   0.0 |      23 |       0 |   0.0
        D:3 |      28 |      37 |  56.9 |      14 |       1 |   6.7
            +---------+---------+-------+---------+---------+-------
